[ AOE2 MATCH · #476757960 ]
UnrankedCumans vs Gurjaras
[ REPLAY ANALYSIS · EXTRACTED FROM THE RECORDED GAME ]
Feudal
12:17
Castle
26:48
Imperial
31:42
| APM avg | 33.9 |
| APM peak | 59 |
| eAPM avg | 22.1 |
| Villagers / military | 110 / 43 |
Focus
⚔️ 18.2% · 🌾 81.8%
Knight ×43 · Fishing Ship ×30
Feudal
11:46
Castle
15:41
Imperial
34:53
| APM avg | 29.1 |
| APM peak | 115 |
| eAPM avg | 13.9 |
| Villagers / military | 92 / 42 |
Focus
⚔️ 28.2% · 🌾 71.8%
Shrivamsha Rider ×33 · Monk ×4 · Chakram Thrower ×3 · Armored Elephant ×2
Feudal
13:05
Castle
16:35
Imperial
—
| APM avg | 36.6 |
| APM peak | 79 |
| eAPM avg | 17.9 |
| Villagers / military | 85 / 10 |
Focus
⚔️ 34.3% · 🌾 65.7%
Unknown (1959) ×36 · Unknown (1962) ×14 · Battering Ram ×9 · Mangonel ×1
Feudal
12:28
Castle
20:07
Imperial
31:52
| APM avg | 32.8 |
| APM peak | 70 |
| eAPM avg | 22.7 |
| Villagers / military | 109 / 7 |
Focus
⚔️ 26.7% · 🌾 73.3%
Fishing Ship ×44 · Unknown (2626) ×6 · Mangonel ×3 · Spearman ×3 · Unknown (1942) ×3 · Monk ×1
Feudal
11:29
Castle
15:02
Imperial
29:30
| APM avg | 57.0 |
| APM peak | 99 |
| eAPM avg | 31.0 |
| Villagers / military | 108 / 41 |
Focus
⚔️ 18.7% · 🌾 81.3%
Fishing Ship ×45 · Elephant Archer ×28 · Trade Cart ×8 · Monk ×5 · Bombard Cannon ×4 · Trebuchet (Packed) ×4
Feudal
11:07
Castle
14:53
Imperial
31:35
| APM avg | 25.2 |
| APM peak | 45 |
| eAPM avg | 16.6 |
| Villagers / military | 63 / 15 |
Focus
⚔️ 25.2% · 🌾 74.8%
Throwing Axeman ×12 · Bombard Cannon ×2 · Trebuchet (Packed) ×1
Feudal
12:17
Castle
16:48
Imperial
31:25
| APM avg | 56.2 |
| APM peak | 88 |
| eAPM avg | 26.2 |
| Villagers / military | 135 / 27 |
Focus
⚔️ 16.8% · 🌾 83.2%
Elephant Archer ×19 · Fishing Ship ×5 · Ratha (Ranged) ×4 · Trebuchet (Packed) ×3 · Monk ×1
Feudal
—
Castle
—
Imperial
—
| APM avg | 43.0 |
| APM peak | 75 |
| eAPM avg | 24.9 |
| Villagers / military | 101 / 59 |
Focus
⚔️ 38.5% · 🌾 61.5%
Eagle Scout ×39 · Archer ×5 · Spearman ×5 · Fishing Ship ×5 · Fire Galley ×4 · Demolition Raft ×3
Match map
Initial resources + every placement click. Lines = walls · curves = elevation contours. ◆ gold · ⬟ stone · ● berries · ✦ relic · ◌ wall gap
Your base· ✓ Closed at 26:48 · 16t walls · no gate
Inebriation's base· ✓ Closed at 15:41 · 21t walls · no gate
Frankie Fast Hands's base· ✓ Closed at 16:35 · 34t walls · no gate
MrGuler's base· Open — opponent sealed themselves in
Tanu's base· Open — opponent sealed themselves in
Bambs's base· ✓ Closed at 14:53 · 0t walls · no gate
mob_ankit's base· Open — opponent sealed themselves in
RuFF Holland's base· ✓ Closed at 17:55 · 16t walls · no gate
Smoothed initial terrain · ◌ = detected wall gap · hover for details
Inputs per minute
— Rookie - - Inebriation
Build order — Rookie
First 150 of 370 actions detected
| 0:01 | Queue | Villager (Male) |
| 0:01 | Queue | Villager (Male) |
| 0:01 | Queue | Villager (Male) |
| 0:01 | Queue | Villager (Male) |
| 0:03 | Build | House |
| 0:04 | Build | House |
| 0:57 | Research | Loom |
| 1:07 | Queue | Villager (Male) |
| 1:46 | Queue | Villager (Male) |
| 2:29 | Build | Palisade Wall |
| 2:34 | Queue | Villager (Male) |
| 2:34 | Queue | Villager (Male) |
| 2:34 | Queue | Villager (Male) |
| 2:45 | Queue | Villager (Male) |
| 3:01 | Build | Lumber Camp |
| 3:20 | Queue | Villager (Male) |
| 3:20 | Queue | Villager (Male) |
| 3:47 | Build | Palisade Wall |
| 3:48 | Build | Palisade Wall |
| 3:52 | Queue | Villager (Male) |
| 3:56 | Build | House |
| 4:10 | Queue | Villager (Male) |
| 4:10 | Queue | Villager (Male) |
| 4:11 | Queue | Villager (Male) |
| 4:32 | Queue | Villager (Male) |
| 5:03 | Queue | Villager (Male) |
| 5:04 | Queue | Villager (Male) |
| 5:04 | Queue | Villager (Male) |
| 5:16 | Queue | Villager (Male) |
| 5:27 | Queue | Villager (Male) |
| 5:35 | Build | House |
| 5:43 | Queue | Villager (Male) |
| 5:43 | Queue | Villager (Male) |
| 6:43 | Queue | Villager (Male) |
| 6:43 | Queue | Villager (Male) |
| 6:43 | Queue | Villager (Male) |
| 7:25 | Queue | Villager (Male) |
| 7:30 | Build | Dock |
| 7:55 | Build | House |
| 8:01 | Queue | Villager (Male) |
| 8:01 | Queue | Villager (Male) |
| 8:34 | Build | House |
| 8:36 | Queue | Fishing Ship |
| 8:46 | Queue | Villager (Male) |
| 9:05 | Queue | Villager (Male) |
| 9:05 | Queue | Villager (Male) |
| 9:16 | Queue | Fishing Ship |
| 9:16 | Queue | Fishing Ship |
| 9:43 | Build | Mining Camp |
| 9:49 | Research | Feudal Age |
| 10:28 | Build | Lumber Camp |
| 11:05 | Queue | Fishing Ship |
| 11:05 | Queue | Fishing Ship |
| 11:21 | Build | Mill |
| 11:38 | Build | Outpost |
| 11:48 | Queue | Villager (Male) |
| 11:48 | Queue | Villager (Male) |
| 12:17 | Age | Feudal Age |
| 12:18 | Research | Double-Bit Axe |
| 12:19 | Queue | Fishing Ship |
| 12:22 | Research | Tech 906 |
| 12:39 | Queue | Villager (Male) |
| 12:39 | Queue | Villager (Male) |
| 12:55 | Build | Market |
| 13:06 | Queue | Villager (Male) |
| 13:49 | Build | Dock |
| 13:50 | Queue | Villager (Male) |
| 13:50 | Queue | Villager (Male) |
| 14:01 | Build | House |
| 14:02 | Build | House |
| 14:08 | Build | Town Center |
| 14:21 | Research | Wheelbarrow |
| 14:26 | Build | House |
| 14:28 | Build | House |
| 14:28 | Build | House |
| 14:36 | Build | Dock |
| 14:47 | Research | Horse Collar |
| 14:50 | Build | Farm |
| 14:51 | Build | Farm |
| 14:51 | Build | Farm |
| 15:03 | Build | House |
| 15:03 | Build | House |
| 15:09 | Queue | Fishing Ship |
| 15:09 | Queue | Fishing Ship |
| 15:10 | Queue | Fishing Ship |
| 15:27 | Build | Mining Camp |
| 15:44 | Queue | Fishing Ship |
| 15:50 | Queue | Fishing Ship |
| 15:54 | Queue | Villager (Male) |
| 15:54 | Queue | Villager (Male) |
| 15:59 | Queue | Fishing Ship |
| 16:23 | Build | Watch Tower |
| 17:14 | Build | Watch Tower |
| 17:16 | Queue | Villager (Male) |
| 17:16 | Queue | Villager (Male) |
| 17:20 | Build | Blacksmith |
| 17:21 | Queue | Fishing Ship |
| 17:22 | Queue | Fishing Ship |
| 17:22 | Queue | Fishing Ship |
| 17:40 | Build | Lumber Camp |
| 17:54 | Build | Watch Tower |
| 17:57 | Queue | Villager (Male) |
| 17:57 | Queue | Villager (Male) |
| 18:09 | Build | Fish Trap |
| 18:18 | Research | Fletching |
| 18:20 | Queue | Villager (Male) |
| 18:25 | Build | Fish Trap |
| 18:26 | Queue | Villager (Male) |
| 18:27 | Queue | Villager (Male) |
| 18:27 | Queue | Villager (Male) |
| 18:55 | Build | Fish Trap |
| 18:58 | Build | Fish Trap |
| 19:01 | Queue | Villager (Male) |
| 19:08 | Build | Watch Tower |
| 19:17 | Queue | Villager (Male) |
| 19:17 | Queue | Villager (Male) |
| 19:35 | Build | Fish Trap |
| 19:44 | Build | Fish Trap |
| 19:52 | Build | Fish Trap |
| 19:55 | Build | Fish Trap |
| 20:03 | Build | Fish Trap |
| 20:05 | Build | Barracks |
| 20:08 | Queue | Villager (Male) |
| 20:08 | Queue | Villager (Male) |
| 20:13 | Build | Farm |
| 20:21 | Build | House |
| 20:24 | Build | House |
| 20:38 | Build | Fish Trap |
| 20:44 | Build | Fish Trap |
| 20:44 | Queue | Villager (Male) |
| 20:45 | Queue | Villager (Male) |
| 21:01 | Build | Stable |
| 21:10 | Build | Farm |
| 21:10 | Build | Farm |
| 21:11 | Build | Farm |
| 21:12 | Build | Farm |
| 21:15 | Queue | Villager (Male) |
| 21:28 | Queue | Fishing Ship |
| 21:28 | Queue | Fishing Ship |
| 21:38 | Build | Fish Trap |
| 21:41 | Queue | Villager (Male) |
| 21:41 | Queue | Villager (Male) |
| 21:48 | Queue | Fishing Ship |
| 21:48 | Queue | Fishing Ship |
| 21:53 | Build | Farm |
| 21:54 | Build | Farm |
| 21:55 | Build | Farm |
| 21:56 | Build | Farm |
| 21:57 | Queue | Villager (Male) |
| 21:57 | Queue | Villager (Male) |
Build order — Inebriation
First 150 of 241 actions detected
| 0:00 | Queue | Villager (Male) |
| 0:01 | Queue | Villager (Male) |
| 0:01 | Queue | Villager (Male) |
| 0:03 | Build | House |
| 0:06 | Build | Mill |
| 0:30 | Queue | Villager (Male) |
| 1:24 | Queue | Villager (Male) |
| 1:46 | Build | House |
| 1:49 | Queue | Villager (Male) |
| 2:05 | Queue | Villager (Male) |
| 2:10 | Research | Loom |
| 2:21 | Queue | Villager (Male) |
| 2:45 | Queue | Villager (Male) |
| 3:31 | Build | Palisade Wall |
| 3:38 | Queue | Villager (Male) |
| 3:50 | Build | House |
| 4:06 | Queue | Villager (Male) |
| 4:06 | Queue | Villager (Male) |
| 4:06 | Queue | Villager (Male) |
| 4:21 | Queue | Villager (Male) |
| 4:42 | Queue | Villager (Male) |
| 4:58 | Build | Palisade Wall |
| 5:24 | Build | House |
| 5:30 | Build | Lumber Camp |
| 5:31 | Queue | Villager (Male) |
| 6:10 | Queue | Villager (Male) |
| 6:55 | Queue | Villager (Male) |
| 7:10 | Queue | Villager (Male) |
| 7:10 | Queue | Villager (Male) |
| 7:33 | Queue | Villager (Male) |
| 7:37 | Build | House |
| 8:05 | Build | Mining Camp |
| 8:42 | Queue | Villager (Male) |
| 9:10 | Queue | Villager (Male) |
| 9:32 | Research | Feudal Age |
| 9:59 | Build | Farm |
| 10:04 | Build | Farm |
| 11:28 | Queue | Villager (Male) |
| 11:28 | Queue | Villager (Male) |
| 11:44 | Build | Barracks |
| 11:46 | Age | Feudal Age |
| 11:55 | Build | Blacksmith |
| 12:21 | Build | Stable |
| 12:25 | Queue | Villager (Male) |
| 12:38 | Build | Farm |
| 12:48 | Build | Farm |
| 12:54 | Research | Castle Age |
| 13:28 | Research | Double-Bit Axe |
| 13:29 | Research | Horse Collar |
| 14:23 | Build | House |
| 15:00 | Queue | Villager (Male) |
| 15:00 | Queue | Villager (Male) |
| 15:41 | Age | Castle Age |
| 15:45 | Build | Siege Workshop |
| 15:48 | Build | Monastery |
| 15:57 | Queue | Villager (Male) |
| 16:07 | Build | Farm |
| 16:11 | Build | Farm |
| 16:16 | Build | House |
| 16:27 | Queue | Shrivamsha Rider |
| 16:28 | Queue | Shrivamsha Rider |
| 16:29 | Queue | Armored Elephant |
| 16:34 | Queue | Monk |
| 16:39 | Build | Farm |
| 16:40 | Build | Farm |
| 16:41 | Build | Farm |
| 16:44 | Build | Farm |
| 16:46 | Build | Farm |
| 16:46 | Build | Farm |
| 16:47 | Queue | Villager (Male) |
| 16:48 | Queue | Villager (Male) |
| 17:01 | Build | Farm |
| 17:42 | Queue | Villager (Male) |
| 17:52 | Queue | Shrivamsha Rider |
| 17:55 | Queue | Armored Elephant |
| 18:00 | Build | House |
| 18:01 | Build | House |
| 18:37 | Queue | Shrivamsha Rider |
| 18:38 | Queue | Villager (Male) |
| 18:40 | Build | House |
| 18:41 | Build | House |
| 18:44 | Build | Town Center |
| 19:00 | Queue | Villager (Male) |
| 19:00 | Queue | Villager (Male) |
| 19:03 | Build | Farm |
| 19:07 | Research | Bow Saw |
| 19:13 | Research | Husbandry |
| 19:18 | Build | House |
| 20:21 | Queue | Shrivamsha Rider |
| 20:21 | Queue | Shrivamsha Rider |
| 20:26 | Build | Farm |
| 20:28 | Build | Farm |
| 20:29 | Build | Farm |
| 20:31 | Queue | Villager (Male) |
| 20:31 | Queue | Villager (Male) |
| 20:31 | Queue | Villager (Male) |
| 20:32 | Research | Town Watch |
| 20:36 | Research | Wheelbarrow |
| 21:01 | Build | Farm |
| 21:01 | Queue | Villager (Male) |
| 21:02 | Queue | Villager (Male) |
| 21:14 | Research | Bloodlines |
| 21:31 | Build | Farm |
| 21:31 | Queue | Villager (Male) |
| 21:42 | Build | Farm |
| 21:43 | Build | Farm |
| 21:45 | Build | Farm |
| 21:48 | Build | Farm |
| 22:04 | Queue | Shrivamsha Rider |
| 22:04 | Queue | Shrivamsha Rider |
| 22:07 | Queue | Villager (Male) |
| 22:10 | Build | Lumber Camp |
| 22:17 | Research | Town Watch |
| 22:22 | Build | Farm |
| 22:43 | Research | Forging |
| 22:45 | Queue | Shrivamsha Rider |
| 22:49 | Queue | Villager (Male) |
| 22:49 | Queue | Villager (Male) |
| 22:55 | Build | Farm |
| 22:59 | Build | Farm |
| 23:01 | Build | Farm |
| 23:26 | Queue | Shrivamsha Rider |
| 23:26 | Queue | Shrivamsha Rider |
| 23:42 | Queue | Shrivamsha Rider |
| 23:42 | Queue | Shrivamsha Rider |
| 23:44 | Queue | Villager (Male) |
| 23:44 | Queue | Villager (Male) |
| 24:27 | Queue | Villager (Male) |
| 24:28 | Queue | Villager (Male) |
| 24:52 | Queue | Villager (Male) |
| 24:54 | Build | Siege Workshop |
| 25:11 | Queue | Shrivamsha Rider |
| 25:12 | Queue | Villager (Male) |
| 25:34 | Queue | Villager (Male) |
| 25:34 | Queue | Villager (Male) |
| 25:40 | Build | Stable |
| 25:42 | Queue | Shrivamsha Rider |
| 25:42 | Queue | Shrivamsha Rider |
| 25:44 | Queue | Villager (Male) |
| 25:45 | Queue | Villager (Male) |
| 25:47 | Build | Mining Camp |
| 25:48 | Research | Stone Mining |
| 25:54 | Queue | Villager (Male) |
| 25:54 | Queue | Villager (Male) |
| 26:09 | Build | Town Center |
| 26:12 | Queue | Shrivamsha Rider |
| 26:12 | Queue | Shrivamsha Rider |
| 26:14 | Research | Iron Casting |
| 26:14 | Queue | Villager (Male) |
| 26:15 | Queue | Villager (Male) |
Build order — Frankie Fast Hands
First 150 of 255 actions detected
| 0:00 | Queue | Villager (Male) |
| 0:00 | Queue | Villager (Male) |
| 0:01 | Build | House |
| 0:02 | Build | House |
| 0:12 | Queue | Villager (Male) |
| 0:36 | Queue | Villager (Male) |
| 0:36 | Queue | Villager (Male) |
| 0:59 | Queue | Villager (Male) |
| 0:59 | Queue | Villager (Male) |
| 1:02 | Research | Loom |
| 1:04 | Queue | Villager (Male) |
| 1:32 | Build | Palisade Wall |
| 1:35 | Build | Palisade Wall |
| 1:35 | Queue | Villager (Male) |
| 2:10 | Build | Lumber Camp |
| 2:11 | Queue | Villager (Male) |
| 2:50 | Queue | Villager (Male) |
| 3:18 | Queue | Villager (Male) |
| 3:49 | Queue | Villager (Male) |
| 4:04 | Build | House |
| 4:10 | Queue | Villager (Male) |
| 4:35 | Queue | Villager (Male) |
| 4:58 | Queue | Villager (Male) |
| 4:58 | Queue | Villager (Male) |
| 5:05 | Build | House |
| 5:29 | Queue | Villager (Male) |
| 5:30 | Queue | Villager (Male) |
| 5:54 | Build | Palisade Wall |
| 5:55 | Queue | Villager (Male) |
| 6:22 | Build | Mill |
| 6:26 | Queue | Villager (Male) |
| 6:27 | Queue | Villager (Male) |
| 6:56 | Queue | Villager (Male) |
| 7:14 | Queue | Villager (Male) |
| 7:14 | Queue | Villager (Male) |
| 7:27 | Queue | Villager (Male) |
| 7:42 | Build | Palisade Wall |
| 8:16 | Build | House |
| 8:20 | Build | House |
| 8:23 | Queue | Villager (Male) |
| 8:36 | Build | Mining Camp |
| 9:15 | Queue | Villager (Male) |
| 9:39 | Queue | Villager (Male) |
| 10:07 | Queue | Villager (Male) |
| 10:39 | Queue | Villager (Male) |
| 10:39 | Queue | Villager (Male) |
| 10:54 | Research | Feudal Age |
| 10:54 | Research | Feudal Age |
| 11:35 | Build | Mining Camp |
| 11:42 | Build | House |
| 11:57 | Queue | Villager (Male) |
| 11:58 | Queue | Villager (Male) |
| 13:05 | Age | Feudal Age |
| 13:06 | Build | Market |
| 13:09 | Build | Blacksmith |
| 13:52 | Research | Castle Age |
| 13:56 | Research | Double-Bit Axe |
| 14:08 | Build | Stone Wall |
| 14:12 | Build | Stone Wall |
| 14:25 | Research | Gold Mining |
| 14:28 | Research | Horse Collar |
| 14:41 | Build | Lumber Camp |
| 15:08 | Build | Farm |
| 15:21 | Build | Farm |
| 15:49 | Build | Farm |
| 15:53 | Build | Farm |
| 15:56 | Build | Farm |
| 15:58 | Queue | Villager (Male) |
| 15:59 | Queue | Villager (Male) |
| 16:20 | Build | Farm |
| 16:35 | Age | Castle Age |
| 16:44 | Build | Siege Workshop |
| 16:58 | Queue | Villager (Male) |
| 17:01 | Research | Bow Saw |
| 17:11 | Build | House |
| 17:35 | Queue | Battering Ram |
| 17:39 | Build | House |
| 17:42 | Queue | Villager (Male) |
| 17:54 | Queue | Unit 1962 |
| 17:57 | Queue | Villager (Male) |
| 18:08 | Queue | Unit 1962 |
| 18:10 | Build | House |
| 18:27 | Queue | Villager (Male) |
| 18:42 | Queue | Battering Ram |
| 18:45 | Build | House |
| 18:50 | Build | Farm |
| 18:51 | Queue | Villager (Male) |
| 18:54 | Build | Mining Camp |
| 19:02 | Build | House |
| 19:23 | Queue | Unit 1962 |
| 19:24 | Queue | Villager (Male) |
| 19:55 | Build | Mining Camp |
| 20:02 | Queue | Unit 1962 |
| 20:36 | Queue | Mangonel |
| 20:37 | Queue | Villager (Male) |
| 20:37 | Queue | Villager (Male) |
| 20:38 | Queue | Villager (Male) |
| 20:40 | Queue | Villager (Male) |
| 21:08 | Queue | Unit 1962 |
| 22:03 | Build | House |
| 22:11 | Queue | Unit 1962 |
| 22:11 | Queue | Unit 1962 |
| 22:11 | Queue | Unit 1962 |
| 22:34 | Queue | Villager (Male) |
| 22:38 | Build | Farm |
| 22:39 | Build | Farm |
| 22:58 | Queue | Unit 1962 |
| 23:18 | Build | Castle |
| 23:22 | Build | Palisade Wall |
| 23:24 | Build | Palisade Wall |
| 23:25 | Build | Palisade Wall |
| 23:27 | Build | Palisade Wall |
| 23:30 | Build | Palisade Wall |
| 23:31 | Build | Palisade Wall |
| 23:33 | Build | Palisade Wall |
| 23:35 | Build | Palisade Wall |
| 23:37 | Build | Palisade Wall |
| 23:44 | Queue | Villager (Male) |
| 23:45 | Queue | Villager (Male) |
| 23:45 | Queue | Villager (Male) |
| 23:45 | Queue | Villager (Male) |
| 24:44 | Queue | Unit 1959 |
| 24:44 | Queue | Unit 1959 |
| 24:44 | Queue | Unit 1959 |
| 24:44 | Queue | Unit 1959 |
| 25:07 | Queue | Unit 1959 |
| 25:31 | Queue | Unit 1959 |
| 25:36 | Build | Farm |
| 25:36 | Build | Farm |
| 26:01 | Queue | Villager (Male) |
| 26:02 | Queue | Villager (Male) |
| 26:02 | Queue | Villager (Male) |
| 26:04 | Build | Farm |
| 26:05 | Build | Farm |
| 26:18 | Queue | Unit 1959 |
| 26:18 | Queue | Unit 1959 |
| 26:18 | Queue | Unit 1959 |
| 26:18 | Queue | Unit 1959 |
| 26:28 | Queue | Villager (Male) |
| 26:32 | Research | Scale Mail Armor |
| 26:32 | Research | Forging |
| 26:43 | Queue | Unit 1962 |
| 26:53 | Queue | Unit 1959 |
| 26:53 | Queue | Unit 1959 |
| 26:59 | Build | Barracks |
| 27:07 | Queue | Villager (Male) |
| 27:17 | Build | Town Center |
| 27:20 | Queue | Unit 1959 |
| 27:25 | Build | Siege Workshop |
| 27:35 | Queue | Villager (Male) |
Build order — MrGuler
First 150 of 306 actions detected
| 0:01 | Queue | Villager (Male) |
| 0:02 | Build | House |
| 0:03 | Build | House |
| 0:18 | Research | Loom |
| 0:18 | Queue | Villager (Male) ×3 |
| 1:14 | Build | Palisade Wall |
| 1:38 | Build | Palisade Wall |
| 1:40 | Build | Palisade Wall |
| 1:42 | Build | Palisade Wall |
| 2:00 | Queue | Villager (Male) |
| 2:00 | Queue | Villager (Male) |
| 2:29 | Build | Palisade Wall |
| 2:35 | Build | Palisade Wall |
| 2:37 | Queue | Villager (Male) |
| 2:37 | Queue | Villager (Male) |
| 2:58 | Queue | Villager (Male) |
| 2:58 | Queue | Villager (Male) |
| 3:25 | Queue | Villager (Male) |
| 3:25 | Queue | Villager (Male) |
| 3:53 | Build | Palisade Wall |
| 3:54 | Build | Palisade Wall |
| 3:57 | Queue | Villager (Male) |
| 3:58 | Queue | Villager (Male) |
| 4:24 | Queue | Villager (Male) |
| 4:43 | Queue | Villager (Male) |
| 4:47 | Build | House |
| 4:49 | Build | Lumber Camp |
| 5:10 | Queue | Villager (Male) |
| 5:20 | Build | Palisade Wall |
| 5:31 | Build | Palisade Wall |
| 5:35 | Queue | Villager (Male) |
| 6:03 | Queue | Villager (Male) |
| 6:29 | Build | Palisade Wall |
| 6:32 | Build | Palisade Wall |
| 6:41 | Build | Palisade Wall |
| 6:42 | Build | Palisade Wall |
| 6:47 | Build | Palisade Wall |
| 6:48 | Build | Palisade Wall |
| 6:55 | Build | Dock |
| 6:56 | Queue | Villager (Male) |
| 7:01 | Queue | Villager (Male) |
| 7:01 | Queue | Villager (Male) |
| 7:21 | Build | House |
| 7:34 | Queue | Fishing Ship |
| 7:43 | Build | Palisade Wall |
| 7:57 | Build | Palisade Wall |
| 7:59 | Queue | Villager (Male) |
| 7:59 | Queue | Villager (Male) |
| 8:09 | Build | Palisade Wall |
| 8:14 | Queue | Fishing Ship |
| 8:17 | Build | House |
| 8:50 | Queue | Fishing Ship |
| 8:59 | Queue | Villager (Male) |
| 9:00 | Queue | Villager (Male) |
| 9:29 | Queue | Fishing Ship |
| 9:32 | Build | House |
| 9:37 | Queue | Fishing Ship |
| 9:51 | Queue | Villager (Male) |
| 10:18 | Research | Feudal Age |
| 10:40 | Build | Mining Camp |
| 10:52 | Build | Mill |
| 11:53 | Build | Dock |
| 12:28 | Age | Feudal Age |
| 12:30 | Queue | Villager (Male) |
| 12:30 | Queue | Villager (Male) |
| 12:30 | Queue | Villager (Male) |
| 12:31 | Queue | Villager (Male) |
| 12:34 | Build | Market |
| 12:49 | Build | Stone Wall |
| 13:15 | Build | House |
| 13:15 | Build | House |
| 13:17 | Queue | Unit 2626 |
| 13:18 | Queue | Unit 2626 |
| 13:36 | Research | Double-Bit Axe |
| 13:52 | Build | Stone Wall |
| 13:54 | Build | Stone Wall |
| 13:58 | Queue | Villager (Male) |
| 14:01 | Queue | Unit 2626 |
| 14:01 | Queue | Unit 2626 |
| 14:25 | Queue | Villager (Male) |
| 15:03 | Queue | Unit 2626 |
| 15:03 | Queue | Unit 2626 |
| 16:02 | Queue | Villager (Male) |
| 16:02 | Queue | Villager (Male) |
| 16:12 | Build | Blacksmith |
| 16:14 | Queue | Villager (Male) |
| 16:19 | Build | House |
| 16:20 | Build | House |
| 16:20 | Build | House |
| 16:27 | Build | Palisade Wall |
| 16:29 | Build | Palisade Wall |
| 16:31 | Build | Palisade Wall |
| 16:41 | Build | Palisade Wall |
| 16:43 | Build | Palisade Wall |
| 16:44 | Build | Palisade Wall |
| 17:16 | Build | Watch Tower |
| 17:27 | Research | Castle Age |
| 17:49 | Build | House |
| 17:50 | Build | House |
| 17:50 | Build | House |
| 17:52 | Build | House |
| 17:56 | Queue | Fishing Ship |
| 17:57 | Queue | Fishing Ship |
| 17:57 | Queue | Fishing Ship |
| 18:32 | Research | Stone Mining |
| 18:32 | Research | Stone Mining |
| 18:41 | Queue | Fishing Ship |
| 18:41 | Queue | Fishing Ship |
| 18:53 | Queue | Fishing Ship |
| 19:30 | Queue | Villager (Male) |
| 19:31 | Queue | Villager (Male) |
| 19:40 | Build | House |
| 20:07 | Age | Castle Age |
| 20:08 | Build | Town Center |
| 20:14 | Build | Town Center |
| 20:33 | Queue | Fishing Ship |
| 20:33 | Queue | Fishing Ship |
| 20:54 | Queue | Villager (Male) ×5 |
| 21:12 | Queue | Villager (Male) |
| 21:20 | Queue | Fishing Ship |
| 21:20 | Queue | Fishing Ship |
| 21:42 | Queue | Villager (Male) |
| 21:42 | Queue | Villager (Male) |
| 21:42 | Queue | Villager (Male) |
| 21:42 | Queue | Villager (Male) |
| 21:43 | Queue | Villager (Male) |
| 22:05 | Queue | Fishing Ship |
| 22:05 | Queue | Fishing Ship |
| 22:09 | Build | Fish Trap |
| 22:11 | Build | Fish Trap |
| 22:17 | Build | Fish Trap |
| 22:19 | Build | Fish Trap |
| 22:22 | Research | Tech 906 |
| 22:44 | Queue | Villager (Male) |
| 22:47 | Queue | Villager (Male) |
| 22:48 | Queue | Villager (Male) |
| 22:48 | Queue | Villager (Male) |
| 22:59 | Build | Fish Trap |
| 23:00 | Build | Fish Trap |
| 23:04 | Build | Fish Trap |
| 23:06 | Build | Dock |
| 23:10 | Queue | Villager (Male) |
| 23:13 | Build | Fish Trap |
| 23:16 | Build | Fish Trap |
| 23:21 | Queue | Villager (Male) |
| 23:25 | Queue | Villager (Male) |
| 23:29 | Build | Fish Trap |
| 23:35 | Build | Fish Trap |
| 23:39 | Queue | Fishing Ship |
| 23:40 | Queue | Fishing Ship |
Build order — Tanu
First 150 of 368 actions detected
| 0:01 | Queue | Villager (Male) |
| 0:01 | Queue | Villager (Male) |
| 0:02 | Queue | Villager (Male) |
| 0:03 | Build | House |
| 0:04 | Build | House |
| 0:09 | Queue | Villager (Male) |
| 1:24 | Queue | Villager (Male) |
| 2:03 | Queue | Villager (Male) |
| 2:07 | Build | Lumber Camp |
| 2:19 | Queue | Villager (Male) |
| 2:19 | Queue | Villager (Male) |
| 2:52 | Queue | Villager (Male) |
| 2:53 | Queue | Villager (Male) |
| 3:15 | Queue | Villager (Male) |
| 3:15 | Queue | Villager (Male) |
| 3:27 | Build | House |
| 3:42 | Queue | Villager (Male) |
| 3:54 | Queue | Villager (Male) |
| 4:31 | Research | Loom |
| 4:33 | Queue | Villager (Male) |
| 4:33 | Queue | Villager (Male) |
| 4:41 | Build | Dock |
| 5:06 | Queue | Villager (Male) |
| 5:21 | Queue | Fishing Ship |
| 5:25 | Queue | Villager (Male) |
| 5:25 | Queue | Villager (Male) |
| 5:32 | Queue | Fishing Ship |
| 6:10 | Build | House |
| 6:13 | Queue | Villager (Male) |
| 6:14 | Queue | Villager (Male) |
| 6:17 | Queue | Fishing Ship |
| 6:49 | Queue | Villager (Male) |
| 6:50 | Queue | Fishing Ship |
| 7:05 | Queue | Villager (Male) |
| 7:17 | Queue | Villager (Male) |
| 7:35 | Queue | Fishing Ship |
| 7:48 | Build | Mill |
| 8:02 | Queue | Villager (Male) |
| 8:06 | Queue | Fishing Ship |
| 8:07 | Queue | Villager (Male) |
| 8:21 | Build | House |
| 8:46 | Queue | Villager (Male) |
| 8:58 | Research | Feudal Age |
| 9:11 | Build | Mining Camp |
| 9:39 | Queue | Villager (Male) |
| 9:39 | Queue | Villager (Male) |
| 11:29 | Age | Feudal Age |
| 11:33 | Build | Market |
| 11:35 | Build | Blacksmith |
| 11:50 | Build | Stone Wall |
| 11:52 | Build | Stone Wall |
| 12:11 | Research | Double-Bit Axe |
| 12:11 | Research | Double-Bit Axe |
| 12:22 | Research | Castle Age |
| 12:22 | Research | Castle Age |
| 12:35 | Build | Palisade Wall |
| 12:36 | Build | Palisade Wall |
| 13:10 | Build | Fish Trap |
| 13:11 | Build | Fish Trap |
| 13:14 | Build | Fish Trap |
| 13:16 | Build | Fish Trap |
| 13:24 | Build | Dock |
| 13:30 | Build | Dock |
| 13:32 | Queue | Villager (Male) |
| 13:40 | Build | House |
| 13:52 | Research | Wheelbarrow |
| 14:12 | Build | Palisade Wall |
| 14:14 | Build | Palisade Wall |
| 14:16 | Build | Palisade Wall |
| 14:29 | Queue | Villager (Male) |
| 14:39 | Build | Fish Trap |
| 15:02 | Age | Castle Age |
| 15:02 | Build | House |
| 15:06 | Build | Town Center |
| 15:17 | Research | Bow Saw |
| 15:19 | Research | Tech 906 |
| 15:25 | Build | Dock |
| 15:26 | Queue | Fishing Ship |
| 15:27 | Queue | Fishing Ship |
| 15:30 | Queue | Villager (Male) |
| 15:46 | Build | Stone Wall |
| 15:48 | Queue | Villager (Male) |
| 15:55 | Queue | Villager (Male) |
| 16:20 | Queue | Villager (Male) |
| 16:20 | Queue | Villager (Male) |
| 16:29 | Build | Fish Trap |
| 16:32 | Build | House |
| 16:32 | Build | House |
| 16:34 | Queue | Villager (Male) |
| 17:04 | Build | Monastery |
| 17:06 | Queue | Villager (Male) |
| 17:14 | Build | House |
| 17:28 | Build | Fish Trap |
| 17:38 | Build | House |
| 17:39 | Build | House |
| 17:47 | Queue | Monk |
| 17:50 | Queue | Villager (Male) |
| 17:56 | Queue | Villager (Male) |
| 17:57 | Queue | Villager (Male) |
| 18:00 | Queue | Fishing Ship |
| 18:00 | Queue | Fishing Ship |
| 18:02 | Build | House |
| 18:02 | Build | House |
| 18:14 | Build | House |
| 18:16 | Queue | Villager (Male) |
| 18:21 | Build | Dock |
| 18:29 | Queue | Fishing Ship |
| 18:29 | Queue | Fishing Ship |
| 18:30 | Queue | Villager (Male) |
| 18:30 | Queue | Villager (Male) |
| 18:30 | Queue | Villager (Male) |
| 18:47 | Queue | Villager (Male) |
| 18:52 | Build | Fish Trap |
| 18:55 | Build | Fish Trap |
| 18:56 | Queue | Fishing Ship |
| 18:56 | Queue | Fishing Ship |
| 18:58 | Build | House |
| 19:00 | Queue | Villager (Male) |
| 19:08 | Queue | Monk |
| 19:14 | Build | House |
| 19:15 | Build | House |
| 19:20 | Build | Fish Trap |
| 19:30 | Build | House |
| 19:31 | Build | House |
| 19:33 | Queue | Villager (Male) |
| 19:35 | Queue | Fishing Ship |
| 19:36 | Queue | Fishing Ship |
| 19:41 | Build | Fish Trap |
| 19:43 | Queue | Fishing Ship |
| 19:45 | Build | House |
| 19:48 | Build | Fish Trap |
| 19:50 | Queue | Villager (Male) |
| 19:54 | Build | Lumber Camp |
| 19:59 | Build | Fish Trap |
| 20:13 | Build | House |
| 20:18 | Queue | Villager (Male) |
| 20:19 | Queue | Villager (Male) |
| 20:19 | Queue | Villager (Male) |
| 20:19 | Queue | Villager (Male) |
| 20:19 | Queue | Villager (Male) |
| 20:23 | Build | Fish Trap |
| 20:28 | Build | House |
| 20:37 | Research | Gillnets |
| 20:40 | Build | Fish Trap |
| 20:54 | Build | Fish Trap |
| 21:00 | Build | Stone Wall |
| 21:15 | Queue | Villager (Male) |
| 21:16 | Queue | Fishing Ship |
| 21:16 | Queue | Fishing Ship |
| 21:16 | Queue | Fishing Ship |
Build order — Bambs
First 150 of 174 actions detected
| 0:00 | Queue | Villager (Male) |
| 0:00 | Queue | Villager (Male) |
| 0:01 | Queue | Villager (Male) |
| 0:01 | Queue | Villager (Male) |
| 0:03 | Build | House |
| 0:05 | Build | House |
| 1:23 | Queue | Villager (Male) |
| 1:57 | Build | Lumber Camp |
| 1:57 | Queue | Villager (Male) |
| 2:11 | Queue | Villager (Male) |
| 2:42 | Queue | Villager (Male) |
| 3:00 | Queue | Villager (Male) |
| 3:33 | Queue | Villager (Male) |
| 3:52 | Build | House |
| 3:52 | Build | House |
| 3:59 | Queue | Villager (Male) |
| 4:20 | Queue | Villager (Male) |
| 4:39 | Build | Mill |
| 5:11 | Queue | Villager (Male) |
| 5:31 | Queue | Villager (Male) |
| 5:31 | Queue | Villager (Male) |
| 5:35 | Queue | Villager (Male) |
| 5:40 | Queue | Villager (Male) |
| 6:24 | Build | House |
| 6:51 | Queue | Villager (Male) |
| 6:52 | Queue | Villager (Male) |
| 7:07 | Queue | Villager (Male) |
| 7:11 | Build | House |
| 7:24 | Build | Mining Camp |
| 7:46 | Queue | Villager (Male) |
| 8:31 | Research | Feudal Age |
| 8:35 | Build | Mining Camp |
| 9:29 | Queue | Villager (Male) |
| 9:29 | Queue | Villager (Male) |
| 11:07 | Age | Feudal Age |
| 11:17 | Build | Market |
| 11:24 | Build | Blacksmith |
| 12:13 | Research | Castle Age |
| 12:52 | Research | Double-Bit Axe |
| 13:26 | Queue | Villager (Male) |
| 13:31 | Research | Loom |
| 13:51 | Build | House |
| 14:32 | Queue | Villager (Male) |
| 14:53 | Age | Castle Age |
| 15:00 | Queue | Villager (Male) |
| 15:08 | Research | Bow Saw |
| 15:25 | Queue | Villager (Male) |
| 15:32 | Build | Castle |
| 15:38 | Research | Fletching |
| 16:16 | Queue | Villager (Male) |
| 16:16 | Queue | Villager (Male) |
| 16:17 | Queue | Villager (Male) |
| 16:24 | Build | House |
| 16:36 | Build | Mining Camp |
| 16:50 | Build | Watch Tower |
| 16:57 | Build | Farm |
| 17:05 | Build | Palisade Wall |
| 17:07 | Build | Palisade Wall |
| 17:17 | Build | Farm |
| 17:29 | Build | Farm |
| 17:35 | Queue | Villager (Male) |
| 17:40 | Build | Palisade Gate |
| 17:47 | Build | Farm |
| 17:56 | Build | Farm |
| 18:04 | Queue | Throwing Axeman |
| 18:04 | Queue | Throwing Axeman |
| 18:22 | Build | Palisade Gate |
| 18:33 | Build | Farm |
| 18:49 | Queue | Villager (Male) |
| 18:59 | Research | Bodkin Arrow |
| 19:08 | Build | Farm |
| 19:17 | Queue | Villager (Male) |
| 19:36 | Queue | Villager (Male) |
| 19:56 | Build | Farm |
| 19:57 | Build | Farm |
| 19:58 | Build | Farm |
| 20:01 | Queue | Villager (Male) |
| 20:18 | Queue | Throwing Axeman |
| 20:23 | Build | Farm |
| 20:30 | Queue | Villager (Male) |
| 20:49 | Build | Stone Wall |
| 20:51 | Build | Gate |
| 21:20 | Queue | Villager (Male) |
| 21:21 | Queue | Villager (Male) |
| 21:22 | Queue | Villager (Male) |
| 21:26 | Build | Farm |
| 21:27 | Build | Farm |
| 21:27 | Build | Farm |
| 21:27 | Build | Farm |
| 21:27 | Build | Farm |
| 21:27 | Build | Farm |
| 21:29 | Queue | Villager (Male) |
| 21:39 | Queue | Villager (Male) |
| 22:34 | Build | Castle |
| 22:50 | Queue | Villager (Male) |
| 22:53 | Build | Farm |
| 22:55 | Build | Farm |
| 23:12 | Research | Gold Mining |
| 23:12 | Queue | Villager (Male) |
| 23:12 | Queue | Villager (Male) |
| 23:13 | Queue | Villager (Male) |
| 24:12 | Queue | Villager (Male) |
| 24:15 | Build | Farm |
| 24:15 | Build | Farm |
| 24:15 | Build | Farm |
| 24:16 | Build | Farm |
| 24:16 | Build | Farm |
| 24:20 | Build | House |
| 24:35 | Queue | Throwing Axeman |
| 24:35 | Queue | Throwing Axeman |
| 24:35 | Queue | Throwing Axeman |
| 25:16 | Queue | Villager (Male) |
| 25:17 | Queue | Villager (Male) |
| 25:23 | Build | Farm |
| 25:23 | Build | Farm |
| 25:23 | Build | Farm |
| 25:23 | Build | Farm |
| 25:24 | Build | Farm |
| 25:37 | Queue | Throwing Axeman |
| 25:37 | Queue | Throwing Axeman |
| 25:38 | Queue | Throwing Axeman |
| 26:03 | Queue | Villager (Male) |
| 26:24 | Research | Forging |
| 26:25 | Queue | Villager (Male) |
| 27:05 | Queue | Villager (Male) |
| 27:09 | Research | Wheelbarrow |
| 27:42 | Build | Lumber Camp |
| 28:08 | Build | Stone Wall |
| 28:11 | Research | Imperial Age |
| 28:54 | Research | Iron Casting |
| 28:57 | Build | University |
| 29:03 | Build | Siege Workshop |
| 29:33 | Research | Scale Mail Armor |
| 29:46 | Queue | Throwing Axeman |
| 29:46 | Queue | Throwing Axeman |
| 29:46 | Queue | Throwing Axeman |
| 29:55 | Queue | Villager (Male) |
| 30:00 | Build | Mining Camp |
| 30:37 | Research | Masonry |
| 30:53 | Queue | Villager (Male) |
| 31:35 | Age | Imperial Age |
| 31:41 | Research | Chemistry |
| 31:45 | Queue | Trebuchet (Packed) |
| 31:48 | Queue | Villager (Male) |
| 31:49 | Queue | Villager (Male) |
| 31:52 | Build | Town Center |
| 32:09 | Build | Stone Wall |
| 32:19 | Queue | Villager (Male) |
| 32:21 | Queue | Villager (Male) |
| 32:25 | Research | Chain Mail Armor |
Build order — mob_ankit
First 150 of 304 actions detected
| 0:01 | Queue | Villager (Male) |
| 0:02 | Build | House |
| 0:03 | Build | House |
| 0:04 | Queue | Villager (Male) |
| 0:10 | Queue | Villager (Male) |
| 0:26 | Research | Loom |
| 0:28 | Queue | Villager (Male) |
| 0:29 | Queue | Villager (Male) |
| 0:29 | Queue | Villager (Male) |
| 1:17 | Build | Palisade Wall |
| 1:30 | Build | Palisade Wall |
| 1:54 | Queue | Villager (Male) |
| 2:08 | Build | Palisade Wall |
| 2:29 | Queue | Villager (Male) |
| 2:29 | Queue | Villager (Male) |
| 2:49 | Build | Lumber Camp |
| 2:54 | Queue | Villager (Male) |
| 3:21 | Queue | Villager (Male) |
| 3:59 | Build | House |
| 4:17 | Queue | Villager (Male) |
| 4:33 | Queue | Villager (Male) |
| 4:36 | Build | House |
| 4:49 | Queue | Villager (Male) |
| 5:07 | Build | House |
| 5:10 | Build | Palisade Wall |
| 5:11 | Build | Palisade Wall |
| 5:16 | Queue | Villager (Male) |
| 5:17 | Queue | Villager (Male) |
| 5:36 | Queue | Villager (Male) |
| 6:06 | Queue | Villager (Male) |
| 6:07 | Queue | Villager (Male) |
| 6:07 | Queue | Villager (Male) |
| 6:48 | Queue | Villager (Male) |
| 6:59 | Build | Dock |
| 7:10 | Queue | Villager (Male) |
| 7:36 | Queue | Fishing Ship |
| 7:37 | Queue | Fishing Ship |
| 7:53 | Queue | Villager (Male) |
| 8:01 | Queue | Villager (Male) |
| 8:13 | Build | Mill |
| 8:18 | Queue | Villager (Male) |
| 8:47 | Queue | Villager (Male) |
| 9:04 | Queue | Fishing Ship |
| 9:12 | Queue | Villager (Male) |
| 9:46 | Build | Mining Camp |
| 10:02 | Queue | Fishing Ship |
| 10:07 | Research | Feudal Age |
| 10:39 | Queue | Fishing Ship |
| 10:47 | Build | House |
| 11:19 | Build | House |
| 12:17 | Age | Feudal Age |
| 12:17 | Queue | Villager (Male) |
| 12:20 | Build | Market |
| 12:22 | Build | Blacksmith |
| 12:30 | Build | Stone Wall |
| 12:35 | Build | Stone Wall |
| 12:37 | Queue | Villager (Male) |
| 12:58 | Build | Lumber Camp |
| 13:06 | Queue | Villager (Male) |
| 14:08 | Research | Castle Age |
| 14:46 | Research | Double-Bit Axe |
| 15:20 | Build | House |
| 15:22 | Build | House |
| 15:25 | Build | Farm |
| 15:26 | Build | Farm |
| 15:28 | Build | Farm |
| 16:36 | Build | House |
| 16:48 | Age | Castle Age |
| 16:49 | Queue | Villager (Male) |
| 16:52 | Build | Monastery |
| 16:55 | Build | Town Center |
| 17:03 | Research | Horse Collar |
| 17:05 | Queue | Villager (Male) |
| 17:31 | Queue | Villager (Male) |
| 17:33 | Build | Farm |
| 17:34 | Build | Farm |
| 17:38 | Queue | Monk |
| 17:42 | Build | House |
| 17:42 | Build | House |
| 17:48 | Queue | Villager (Male) |
| 17:51 | Build | Farm |
| 17:53 | Build | Farm |
| 18:10 | Queue | Villager (Male) |
| 18:11 | Build | Farm |
| 18:12 | Queue | Villager (Male) |
| 18:32 | Build | House |
| 18:36 | Queue | Villager (Male) |
| 19:02 | Queue | Villager (Male) |
| 19:04 | Build | Farm |
| 19:05 | Queue | Villager (Male) |
| 19:06 | Build | Farm |
| 19:07 | Build | Farm |
| 19:07 | Queue | Villager (Male) |
| 19:20 | Queue | Villager (Male) |
| 19:22 | Build | House |
| 19:22 | Queue | Villager (Male) |
| 19:26 | Build | Town Center |
| 19:33 | Queue | Villager (Male) |
| 19:45 | Queue | Villager (Male) |
| 19:48 | Build | Farm |
| 19:50 | Queue | Villager (Male) |
| 19:57 | Queue | Villager (Male) |
| 20:00 | Build | Lumber Camp |
| 20:11 | Queue | Villager (Male) |
| 20:13 | Build | Farm |
| 20:29 | Queue | Villager (Male) |
| 20:39 | Queue | Villager (Male) |
| 20:42 | Queue | Villager (Male) |
| 20:47 | Build | Farm |
| 20:48 | Build | Farm |
| 20:48 | Build | Farm |
| 20:49 | Queue | Villager (Male) |
| 21:02 | Build | Gate |
| 21:19 | Build | Stone Wall |
| 21:39 | Queue | Villager (Male) |
| 21:41 | Build | Farm |
| 21:43 | Queue | Villager (Male) |
| 21:44 | Build | Farm |
| 21:45 | Build | Farm |
| 21:45 | Queue | Villager (Male) |
| 21:58 | Queue | Villager (Male) |
| 22:04 | Build | Stone Wall |
| 22:07 | Queue | Villager (Male) |
| 22:09 | Queue | Villager (Male) |
| 22:15 | Build | Gate |
| 22:20 | Queue | Villager (Male) |
| 22:23 | Build | Farm |
| 22:24 | Build | Farm |
| 22:25 | Queue | Villager (Male) |
| 22:30 | Queue | Villager (Male) |
| 22:38 | Queue | Villager (Male) |
| 22:39 | Queue | Villager (Male) |
| 22:44 | Queue | Villager (Male) |
| 23:09 | Build | Castle |
| 23:10 | Queue | Villager (Male) |
| 23:25 | Build | Stone Wall |
| 23:30 | Queue | Villager (Male) |
| 23:34 | Queue | Villager (Male) |
| 23:39 | Queue | Villager (Male) |
| 23:41 | Build | Farm |
| 23:42 | Build | Farm |
| 23:43 | Build | Farm |
| 23:43 | Build | Farm |
| 23:44 | Queue | Villager (Male) |
| 23:46 | Build | Farm |
| 23:46 | Queue | Villager (Male) |
| 23:48 | Queue | Villager (Male) |
| 24:12 | Queue | Villager (Male) |
| 24:16 | Queue | Villager (Male) |
| 24:17 | Queue | Villager (Male) |
Build order — RuFF Holland
First 150 of 304 actions detected
| 0:01 | Research | Loom |
| 0:03 | Build | House |
| 0:04 | Build | House |
| 0:30 | Queue | Villager (Male) |
| 0:30 | Queue | Villager (Male) |
| 0:31 | Queue | Villager (Male) |
| 1:53 | Build | Palisade Wall |
| 1:58 | Build | Palisade Wall |
| 2:02 | Queue | Villager (Male) |
| 2:22 | Queue | Villager (Male) |
| 2:23 | Queue | Villager (Male) |
| 2:42 | Queue | Villager (Male) |
| 2:43 | Build | Lumber Camp |
| 3:31 | Queue | Villager (Male) |
| 3:51 | Queue | Villager (Male) |
| 4:29 | Build | House |
| 4:30 | Queue | Villager (Male) |
| 4:44 | Queue | Villager (Male) |
| 5:11 | Queue | Villager (Male) |
| 5:31 | Queue | Villager (Male) |
| 5:58 | Build | Dock |
| 6:00 | Build | House |
| 6:03 | Build | Palisade Wall |
| 6:04 | Build | Palisade Wall |
| 6:15 | Queue | Villager (Male) |
| 6:27 | Queue | Villager (Male) |
| 6:28 | Queue | Villager (Male) |
| 6:57 | Queue | Villager (Male) |
| 7:09 | Queue | Fishing Ship |
| 7:58 | Research | Feudal Age |
| 8:00 | Queue | Fishing Ship |
| 8:24 | Build | Palisade Wall |
| 8:26 | Build | Palisade Wall |
| 8:32 | Build | Palisade Wall |
| 8:50 | Build | Mining Camp |
| 9:39 | Queue | Fishing Ship |
| 10:10 | Queue | Unit 2626 |
| 10:11 | Queue | Fire Galley |
| 10:12 | Queue | Villager (Male) |
| 10:13 | Queue | Villager (Male) |
| 10:24 | Build | Dock |
| 10:29 | Build | Palisade Wall |
| 10:30 | Build | Palisade Wall |
| 10:32 | Build | Palisade Wall |
| 10:41 | Build | House |
| 10:45 | Queue | Villager (Male) |
| 10:48 | Research | Double-Bit Axe |
| 11:20 | Queue | Unit 2626 |
| 11:21 | Queue | Villager (Male) |
| 11:39 | Build | Palisade Wall |
| 11:41 | Build | Palisade Wall |
| 11:43 | Build | House |
| 11:51 | Queue | Villager (Male) |
| 11:55 | Queue | Fire Galley |
| 12:09 | Queue | Villager (Male) |
| 12:23 | Queue | Fishing Ship |
| 12:25 | Queue | Villager (Male) |
| 12:29 | Build | Mill |
| 12:33 | Queue | Fire Galley |
| 12:57 | Queue | Villager (Male) |
| 13:02 | Queue | Fire Galley |
| 13:10 | Queue | Villager (Male) |
| 13:16 | Queue | Villager (Male) |
| 13:22 | Build | Mill |
| 13:31 | Build | Barracks |
| 13:45 | Queue | Fishing Ship |
| 14:21 | Queue | Villager (Male) |
| 14:23 | Queue | Spearman |
| 14:47 | Queue | Villager (Male) |
| 14:52 | Queue | Demolition Raft |
| 15:12 | Build | Archery Range |
| 15:13 | Queue | Villager (Male) |
| 15:14 | Queue | Spearman |
| 15:28 | Queue | Demolition Raft |
| 15:30 | Queue | Villager (Male) |
| 15:45 | Queue | Villager (Male) |
| 16:02 | Build | House |
| 16:06 | Queue | Spearman |
| 16:15 | Queue | Demolition Raft |
| 16:20 | Queue | Villager (Male) |
| 16:24 | Build | House |
| 16:26 | Research | Horse Collar |
| 16:30 | Build | Farm |
| 16:33 | Build | Farm |
| 16:33 | Build | Farm |
| 16:45 | Queue | Archer |
| 16:53 | Build | Palisade Wall |
| 16:57 | Build | Palisade Wall |
| 16:59 | Build | House |
| 17:17 | Queue | Villager (Male) |
| 17:19 | Build | Market |
| 17:49 | Queue | Archer |
| 17:55 | Research | Castle Age |
| 18:05 | Build | Archery Range |
| 18:08 | Build | Palisade Wall |
| 18:43 | Queue | Archer |
| 19:03 | Build | Lumber Camp |
| 19:08 | Build | Farm |
| 19:08 | Build | Farm |
| 19:15 | Queue | Archer |
| 19:15 | Queue | Archer |
| 19:59 | Build | Palisade Wall |
| 20:02 | Build | Palisade Wall |
| 20:39 | Build | Town Center |
| 20:40 | Queue | Villager (Male) |
| 20:42 | Build | Town Center |
| 20:45 | Research | Bow Saw |
| 20:50 | Queue | Villager (Male) |
| 21:07 | Queue | Villager (Male) |
| 21:31 | Build | Farm |
| 21:32 | Build | Farm |
| 21:34 | Build | Farm |
| 21:36 | Queue | Villager (Male) |
| 21:36 | Queue | Villager (Male) |
| 21:36 | Queue | Villager (Male) |
| 21:37 | Queue | Villager (Male) |
| 21:38 | Build | Farm |
| 21:41 | Build | Farm |
| 21:42 | Build | Farm |
| 21:48 | Build | Farm |
| 21:51 | Build | Farm |
| 21:53 | Queue | Villager (Male) |
| 21:54 | Queue | Villager (Male) |
| 21:54 | Queue | Villager (Male) |
| 21:56 | Build | Farm |
| 21:59 | Build | Farm |
| 22:08 | Queue | Villager (Male) |
| 22:09 | Queue | Villager (Male) |
| 22:15 | Build | House |
| 22:16 | Build | House |
| 22:16 | Build | House |
| 22:21 | Build | House |
| 22:22 | Queue | Villager (Male) |
| 22:23 | Build | Farm |
| 22:23 | Queue | Villager (Male) |
| 22:23 | Queue | Villager (Male) |
| 22:25 | Build | Farm |
| 22:31 | Queue | Villager (Male) |
| 22:34 | Build | Farm |
| 22:36 | Build | Farm |
| 22:44 | Queue | Villager (Male) |
| 23:11 | Queue | Villager (Male) |
| 23:11 | Queue | Villager (Male) |
| 23:29 | Queue | Villager (Male) |
| 23:29 | Queue | Villager (Male) |
| 23:40 | Queue | Villager (Male) |
| 23:41 | Queue | Villager (Male) |
| 23:58 | Queue | Villager (Male) |
| 24:00 | Build | Farm |
| 24:00 | Build | Farm |
Match timeline
| 1:14 | MrGuler · wall_segment Palisade Wall x6 |
| 1:17 | mob_ankit · wall_segment Palisade Wall x7 |
| 1:30 | mob_ankit · wall_segment Palisade Wall x1 |
| 1:32 | Frankie Fast Hands · wall_segment Palisade Wall x8 |
| 1:35 | Frankie Fast Hands · wall_segment Palisade Wall x1 |
| 1:38 | MrGuler · wall_segment Palisade Wall x1 |
| 1:40 | MrGuler · wall_segment Palisade Wall x1 |
| 1:42 | MrGuler · wall_segment Palisade Wall x1 |
| 1:53 | RuFF Holland · wall_segment Palisade Wall x1 |
| 1:58 | RuFF Holland · wall_segment Palisade Wall x1 |
| 2:08 | mob_ankit · wall_segment Palisade Wall x6 |
| 2:29 | Rookie · wall_segment Palisade Wall x7 |
| 2:29 | MrGuler · wall_segment Palisade Wall x7 |
| 2:35 | MrGuler · wall_segment Palisade Wall x6 |
| 3:31 | Inebriation · wall_segment Palisade Wall x12 |
| 3:47 | Rookie · wall_segment Palisade Wall x2 |
| 3:48 | Rookie · wall_segment Palisade Wall x7 |
| 3:53 | MrGuler · wall_segment Palisade Wall x1 |
| 3:54 | MrGuler · wall_segment Palisade Wall x6 |
| 4:41 | Tanu · first_building Dock |
| 4:58 | Inebriation · wall_segment Palisade Wall x9 |
| 5:10 | mob_ankit · wall_segment Palisade Wall x1 |
| 5:11 | mob_ankit · wall_segment Palisade Wall x1 |
| 5:20 | MrGuler · wall_segment Palisade Wall x1 |
| 5:31 | MrGuler · wall_segment Palisade Wall x1 |
| 5:54 | Frankie Fast Hands · wall_segment Palisade Wall x8 |
| 5:58 | RuFF Holland · first_building Dock |
| 6:03 | RuFF Holland · wall_segment Palisade Wall x1 |
| 6:04 | RuFF Holland · wall_segment Palisade Wall x1 |
| 6:29 | MrGuler · wall_segment Palisade Wall x1 |
| 6:32 | MrGuler · wall_segment Palisade Wall x1 |
| 6:41 | MrGuler · wall_segment Palisade Wall x1 |
| 6:42 | MrGuler · wall_segment Palisade Wall x1 |
| 6:47 | MrGuler · wall_segment Palisade Wall x1 |
| 6:48 | MrGuler · wall_segment Palisade Wall x1 |
| 6:55 | MrGuler · first_building Dock |
| 6:59 | mob_ankit · first_building Dock |
| 7:30 | Rookie · first_building Dock |
| 7:42 | Frankie Fast Hands · wall_segment Palisade Wall x9 |
| 7:43 | MrGuler · wall_segment Palisade Wall x1 |
| 7:57 | MrGuler · wall_segment Palisade Wall x1 |
| 8:09 | MrGuler · wall_segment Palisade Wall x1 |
| 8:24 | RuFF Holland · wall_segment Palisade Wall x2 |
| 8:26 | RuFF Holland · wall_segment Palisade Wall x1 |
| 8:32 | RuFF Holland · wall_segment Palisade Wall x1 |
| 10:29 | RuFF Holland · wall_segment Palisade Wall x1 |
| 10:30 | RuFF Holland · wall_segment Palisade Wall x1 |
| 10:32 | RuFF Holland · wall_segment Palisade Wall x1 |
| 11:07 | Bambs · age_up feudal |
| 11:29 | Tanu · age_up feudal |
| 11:39 | RuFF Holland · wall_segment Palisade Wall x2 |
| 11:41 | RuFF Holland · wall_segment Palisade Wall x1 |
| 11:44 | Inebriation · first_building Barracks |
| 11:46 | Inebriation · age_up feudal |
| 11:50 | Tanu · wall_segment Stone Wall x4 |
| 11:52 | Tanu · wall_segment Stone Wall x6 |
| 12:17 | Rookie · age_up feudal |
| 12:17 | mob_ankit · age_up feudal |
| 12:21 | Inebriation · first_building Stable |
| 12:28 | MrGuler · age_up feudal |
| 12:30 | mob_ankit · wall_segment Stone Wall x8 |
| 12:35 | mob_ankit · wall_segment Stone Wall x8 |
| 12:35 | Tanu · wall_segment Palisade Wall x1 |
| 12:36 | Tanu · wall_segment Palisade Wall x1 |
| 12:49 | MrGuler · wall_segment Stone Wall x8 |
| 13:05 | Frankie Fast Hands · age_up feudal |
| 13:31 | RuFF Holland · first_building Barracks |
| 13:36 | mob_ankit · first_market_sell 100 stone |
| 13:42 | mob_ankit · first_market_buy 100 food |
| 13:52 | MrGuler · wall_segment Stone Wall x1 |
| 13:54 | MrGuler · wall_segment Stone Wall x5 |
| 13:54 | Rookie · first_market_buy 100 wood |
| 14:08 | Frankie Fast Hands · wall_segment Stone Wall x5 |
| 14:12 | Tanu · wall_segment Palisade Wall x1 |
| 14:12 | Frankie Fast Hands · wall_segment Stone Wall x5 |
| 14:14 | Tanu · wall_segment Palisade Wall x1 |
| 14:16 | Tanu · wall_segment Palisade Wall x1 |
| 14:38 | Frankie Fast Hands · first_market_buy 100 wood |
| 14:53 | Bambs · age_up castle |
| 15:02 | Tanu · age_up castle |
| 15:12 | RuFF Holland · first_building Archery Range |
| 15:32 | Bambs · first_building Castle |
| 15:41 | Inebriation · age_up castle |
| 15:45 | Inebriation · first_building Siege Workshop |
| 15:46 | Tanu · wall_segment Stone Wall x8 |
| 15:48 | Inebriation · first_building Monastery |
| 16:15 | Bambs · first_market_sell 100 wood |
| 16:16 | Bambs · first_market_buy 100 food |
| 16:27 | MrGuler · wall_segment Palisade Wall x1 |
| 16:29 | MrGuler · wall_segment Palisade Wall x1 |
| 16:31 | MrGuler · wall_segment Palisade Wall x1 |
| 16:35 | Frankie Fast Hands · age_up castle |
| 16:41 | MrGuler · wall_segment Palisade Wall x1 |
| 16:43 | MrGuler · wall_segment Palisade Wall x1 |
| 16:44 | Frankie Fast Hands · first_building Siege Workshop |
| 16:44 | MrGuler · wall_segment Palisade Wall x1 |
| 16:48 | mob_ankit · age_up castle |
| 16:52 | mob_ankit · first_building Monastery |
| 16:53 | RuFF Holland · wall_segment Palisade Wall x1 |
| 16:57 | RuFF Holland · wall_segment Palisade Wall x1 |
| 17:04 | Tanu · first_building Monastery |
| 17:05 | Bambs · wall_segment Palisade Wall x7 |
| 17:07 | Bambs · wall_segment Palisade Wall x7 |
| 17:08 | Rookie · first_market_sell 100 food |
| 17:33 | Frankie Fast Hands · first_market_sell 100 stone |
| 18:08 | RuFF Holland · wall_segment Palisade Wall x1 |
| 19:59 | RuFF Holland · wall_segment Palisade Wall x1 |
| 20:02 | RuFF Holland · wall_segment Palisade Wall x3 |
| 20:05 | Rookie · first_building Barracks |
| 20:07 | MrGuler · age_up castle |
| 20:44 | RuFF Holland · first_market_buy 100 wood |
| 20:49 | Bambs · wall_segment Stone Wall x9 |
| 21:00 | Tanu · wall_segment Stone Wall x11 |
| 21:01 | Rookie · first_building Stable |
| 21:19 | mob_ankit · wall_segment Stone Wall x4 |
| 21:40 | MrGuler · first_market_buy 100 food |
| 22:04 | mob_ankit · wall_segment Stone Wall x8 |
| 23:09 | mob_ankit · first_building Castle |
| 23:18 | Frankie Fast Hands · first_building Castle |
| 23:22 | Frankie Fast Hands · wall_segment Palisade Wall x1 |
| 23:24 | Frankie Fast Hands · wall_segment Palisade Wall x1 |
| 23:25 | Frankie Fast Hands · wall_segment Palisade Wall x1 |
| 23:25 | mob_ankit · wall_segment Stone Wall x1 |
| 23:27 | Frankie Fast Hands · wall_segment Palisade Wall x1 |
| 23:30 | Frankie Fast Hands · wall_segment Palisade Wall x1 |
| 23:31 | Frankie Fast Hands · wall_segment Palisade Wall x1 |
| 23:33 | Frankie Fast Hands · wall_segment Palisade Wall x1 |
| 23:35 | Frankie Fast Hands · wall_segment Palisade Wall x1 |
| 23:37 | Frankie Fast Hands · wall_segment Palisade Wall x1 |
| 24:04 | MrGuler · first_market_sell 100 stone |
| 24:09 | RuFF Holland · first_building Monastery |
| 25:50 | Tanu · first_building Castle |
| 26:15 | Tanu · first_market_sell 100 food |
| 26:31 | Tanu · first_building Barracks |
| 26:48 | Rookie · age_up castle |
| 26:53 | RuFF Holland · first_market_sell 500 wood |
| 26:56 | Rookie · first_building Castle |
| 26:57 | mob_ankit · wall_segment Palisade Wall x1 |
| 26:59 | Frankie Fast Hands · first_building Barracks |
| 27:01 | mob_ankit · wall_segment Palisade Wall x1 |
| 27:05 | RuFF Holland · wall_segment Palisade Wall x1 |
| 27:07 | mob_ankit · wall_segment Palisade Wall x1 |
| 27:09 | mob_ankit · wall_segment Palisade Wall x1 |
| 27:13 | mob_ankit · wall_segment Palisade Wall x1 |
| 27:30 | mob_ankit · first_building Barracks |
| 27:33 | Tanu · first_building Archery Range |
| 28:02 | MrGuler · first_building Monastery |
| 28:08 | Bambs · wall_segment Stone Wall x1 |
| 28:20 | mob_ankit · first_building Archery Range |
| 28:36 | Tanu · first_building Siege Workshop |
| 29:03 | Bambs · first_building Siege Workshop |
| 29:30 | Tanu · age_up imperial |
| 30:01 | MrGuler · first_building Siege Workshop |
| 30:20 | Inebriation · first_building Castle |
| 31:02 | MrGuler · first_building Castle |
| 31:18 | Inebriation · first_market_sell 500 wood |
| 31:25 | mob_ankit · age_up imperial |
| 31:35 | RuFF Holland · first_building Castle |
| 31:35 | Bambs · age_up imperial |
| 31:42 | Rookie · age_up imperial |
| 31:51 | mob_ankit · wall_segment Stone Wall x6 |
| 31:52 | MrGuler · age_up imperial |
| 31:52 | MrGuler · first_building Barracks |
| 32:09 | Bambs · wall_segment Stone Wall x11 |
| 32:55 | Bambs · wall_segment Stone Wall x1 |
| 33:27 | RuFF Holland · first_building Siege Workshop |
| 33:35 | mob_ankit · wall_segment Stone Wall x5 |
| 33:42 | mob_ankit · wall_segment Stone Wall x1 |
| 34:15 | Rookie · first_building Siege Workshop |
| 34:53 | Inebriation · age_up imperial |
| 35:14 | Frankie Fast Hands · first_building Archery Range |
| 35:28 | Inebriation · resign |
[ AI ANALYSIS · 1 CREDIT ]
What really happened in this match?
Wolo.gg analyzes every decision: build order, eco, micro, common mistakes by bracket. Personalized analysis on WhatsApp or Discord in 30 seconds.
Civ guide
Cumans
Perfil
Jugador #311621